 Dungeon Crawl Stone Soup version 0.22-a0-425-g89d60a11d8 (webtiles) character file.

108 RedPan the Ruffian (level 4, -1/39 HPs)
             Began as a Naga Transmuter on May 24, 2018.
             Slain by a phantom (8 damage)
             ... on level 4 of the Dungeon.
             The game lasted 00:07:12 (4830 turns).

RedPan the Ruffian (Naga Transmuter)                Turns: 4830, Time: 00:07:12

Health: -1/39      AC:  2    Str: 12    XL:     4   Next: 87%
Magic:  11/16      EV: 20    Int: 15    God:
Gold:   106        SH:  0    Dex: 16    Spells: 1/7 levels left

rFire    . . .     SeeInvis +     - Unarmed
rCold    . . .     Gourm    .   (shield currently unavailable)
rNeg     . . .     Faith    .   (armour currently unavailable)
rPois    x         Spirit   .   (helmet currently unavailable)
rElec    .         Reflect  .   (cloak currently unavailable)
rCorr    .         Harm     .   (gloves currently unavailable)
MR       .....                  (no barding)
Stlth    +.........             (no amulet)
HPRegen  0.13/turn              c - ring of magical power
MPRegen  0.15/turn              (no ring)

@: spider-form (expiring)
A: tiny, see invisible, slow metabolism 1, spit poison 1, AC +1
a: Spit Poison, End Transformation


You were on level 4 of the Dungeon.
You were not hungry.
You were a venomous arachnid creature.
You visited 1 branch of the dungeon, and saw 4 of its levels.

You collected 106 gold pieces.

Inventory:

Hand Weapons
 p - a +1 hand axe of pain
Missiles
 a - 36 arrows
Armour
 b - a +0 robe (melded)
 h - a +0 pair of gloves (melded)
 k - a +0 helmet (melded)
Jewellery
 c - a ring of magical power (left front leg)
Scrolls
 i - a scroll of remove curse
 n - 3 scrolls of fog
Potions
 e - 3 potions of mutation
 f - a potion of brilliance
 g - a potion of invisibility
 l - a potion of lignification {unknown}
 m - a potion of berserk rage {unknown}
 o - a potion of haste {unknown}
 q - a potion of resistance
Comestibles
 d - 5 rations


   Skills:
 - Level 2.0 Fighting
 + Level 2.3 Dodging
 + Level 3.7 Unarmed Combat
 - Level 2.0 Spellcasting
 + Level 2.9 Transmutations
 + Level 1.7 Poison Magic


You had one spell level left.
You knew the following spells:

 Your Spells              Type           Power        Failure   Level  Hunger
a - Beastly Appendage     Tmut           ##....       19%         1    #......
b - Sticks to Snakes      Tmut           ##......     24%         2    ###....
c - Spider Form           Tmut/Pois      #.........   47%         3    ###....

Your spell library contained the following spells:

 Spells                   Type           Power        Failure   Level  Hunger
 Blade Hands              Tmut           ##........   96%         5    ######.
 Ice Form                 Ice/Tmut       #.......     90%         4    #####..


Dungeon Overview and Level Annotations

Branches:
Dungeon (4/15)
 Temple: D:4-7

Altars:
Okawaru


Innate Abilities, Weirdness & Mutations

You cannot wear boots.
((Your serpentine skin is tough. (AC +1)))
You have supernaturally acute eyesight. (SInv)
((Armour fits poorly on your strangely shaped body.))
((Your system is resistant to poisons. (rPois)))
((You cover ground very slowly.))
You have a slow metabolism.
You can spit poison.


Message History

The phantom is moderately damaged.
The phantom barely misses you.
Your adder barely misses the phantom.
You hit the phantom.
The phantom is moderately damaged.
Your adder bites the phantom but does no damage.
The phantom misses you.
You hit the phantom.
The phantom is moderately damaged.
Your adder bites the phantom.
The phantom misses you.
You hit the phantom.
The phantom is heavily damaged.
Your adder bites the phantom.
The phantom hits you.
* * * LOW HITPOINT WARNING * * *
You bite the phantom!
The phantom is severely damaged.
Your adder closely misses the phantom.
You hit the orc.
The orc is poisoned.
The orc is moderately wounded.
Your adder misses the phantom. The phantom hits you!
You die...

*,,,,*,,,,,,,,,,,,,*,,,,,,,,,
*,,,,*,,,,....,,,,,+,,,,,,,,,
*,,,,,,,,*...#######,,,,,,,,,
**********#.........,,,,**+*,
#.........,,,,*,,*,
#.........,,,,*,,*,
#####.........,,,,*,,+,
##...#.WS......,,,,*,,*,
#....#.s...#+*******,,**
#....'.o...#,,,,,,,*,,*,
##...#.....+,,,,,,,*,,*,
##...#.....#,,***,**,***
#....#.....#*****+**,***
****##...#...<.# *,,,,,,*,
*,,,*#.†.#.....# *,,,,,,*,
*,,,##...#.....###****+****+
*,,,#....#........,,,,,,,,,,


You could see a phantom, an orc and a friendly adder.

Vanquished Creatures
  Robin (D:2)
  An adder (D:3)
  2 oozes
  A worm (D:3)
  2 dart slugs
  A leopard gecko (D:1)
  4 orcs (D:3)
  3 giant cockroaches
  12 goblins
  10 hobgoblins
  4 jackals
  7 kobolds
  6 bats
  2 frilled lizards
  7 rats
63 creatures vanquished.

Vanquished Creatures (collateral kills)
  2 hobgoblins (D:2)
  2 goblins (D:2)
4 creatures vanquished.

Grand Total: 67 creatures vanquished

Notes
Turn   | Place    | Note
-------+----------+-------------------------------------------
     0 | D:1      | RedPan the Naga Transmuter began the quest for the Orb.
     0 | D:1      | Reached XP level 1. HP: 18/18 MP: 3/3
   228 | D:1      | Reached XP level 2. HP: 18/25 MP: 3/5
   345 | D:1      | Found an iron altar of Okawaru.
  1085 | D:1      | Reached XP level 3. HP: 24/31 MP: 6/6
  1089 | D:1      | Learned a level 2 spell: Sticks to Snakes
  1093 | D:1      | Learned a level 3 spell: Spider Form
  1995 | D:2      | Noticed Robin
  2032 | D:2      | Killed Robin
  2033 | D:2      | HP: 1/32 [goblin/stone[Robin] (1)]
  2043 | D:2      | Reached XP level 4. HP: 3/39 MP: 7/7
  2370 | D:2      | Reached skill level 1 in Poison Magic
  4803 | D:4      | Noticed a phantom
  4830 | D:4      | Slain by a phantom

Vault maps used:
D:1:      kennysheep_arrival_seaside, okawaru_ov_weapons_minmay
D:2:      kennysheep_potato, uniq_robin

Skill      XL: |  1  2  3  4 |
---------------+-------------+-----
Dodging        | 2 |  2.3
Fighting       | 2 |  2.0
Poison Magic   | 1 |  1.7
Unarmed Combat | |  3.7
Spellcasting   | |  2.0
Transmutations | |  2.9

Action                   |  1- 3 |  4- 6 || total
-------------------------+-------+-------++-------
Melee: Unarmed           |   147 |   104 ||   251
       Punch             |     2 |       ||     2
       Headbutt          |     1 |       ||     1
       Hand axe          |       |    39 ||    39
 Cast: Beastly Appendage |     2 |       ||     2
       Sticks to Snakes  |     4 |     1 ||     5
       Spider Form       |       |     2 ||     2
 Abil: Spit Poison       |     1 |     1 ||     2
  Use: Scroll            |       |    10 ||    10
 Stab: Sleeping          |     1 |     1 ||     2
  Eat: Chunk             |     1 |     9 ||    10
Armor: Robe              |    34 |    29 ||    63
Dodge: Dodged            |    94 |    77 ||   171

Table legend:
 A = Spawn XP
 B = Non-spawn XP
 C = Spawn XP percentage of total XP
 D = Spawn monster count
 E = Non-spawn monster count
 F = Spawn count percentage of total count
 G = Total turns spent on level
                    A         B        C        D         E        F      G
               +---------+---------+-------+---------+---------+-------+---------
         Total |       0 |     155 |   0.0 |       0 |      67 |   0.0 |  4830
               +---------+---------+-------+---------+---------+-------+---------
           D:1 |       0 |      55 |   0.0 |       0 |      27 |   0.0 |  1862
           D:2 |       0 |      43 |   0.0 |       0 |      21 |   0.0 |  1179
           D:3 |       0 |      56 |   0.0 |       0 |      18 |   0.0 |  1717
           D:4 |       0 |       1 |   0.0 |       0 |       1 |   0.0 |    72
               +---------+---------+-------+---------+---------+-------+---------
